 Dungeon Crawl Stone Soup version 0.23.2 (webtiles) character file.

Game seed: 10272733969446504036

46 Borgoz the Sneak (level 3, -4/27 (28) HPs)
             Began as a Ghoul Enchanter on Apr 4, 2019.
             Slain by an adder (5 damage)
             ... on level 2 of the Dungeon.
             The game lasted 00:01:51 (1605 turns).

Borgoz the Sneak (Ghoul Enchanter)                  Turns: 1605, Time: 00:01:52

HP:   -4/27 (28)    AC:  2    Str: 11    XL:     3   Next: 66%
MP:   4/4           EV: 12    Int: 10    God:
Gold: 83            SH:  0    Dex: 10    Spells: 2/5 levels left

rFire    . . .     SeeInvis .   a - +1 dagger
rCold    + . .     Gourm    .   (no shield)
rNeg     + + +     Faith    .   b - +0 robe
rPois    ∞         Spirit   .   (no helmet)
rElec    .         Reflect  .   (no cloak)
rCorr    .         Harm     .   (no gloves)
MR       .....                  (no boots)
Stlth    ++........             (no amulet)
HPRegen  0.00/turn              (no ring)
MPRegen  0.09/turn              (no ring)

@: rotting
A: rotting body, claws 1, carnivore, cold resistance 1, negative energy
resistance 3, inhibited regeneration, torment resistance, unbreathing
a: no special abilities


You were on level 2 of the Dungeon.
You were not hungry.

You visited 1 branch of the dungeon, and saw 2 of its levels.

You collected 83 gold pieces.

Inventory:

Hand Weapons
 a - a +1 dagger (weapon)
Armour
 b - a +0 robe (worn)
Scrolls
 h - 2 scrolls of fog {unknown}
Potions
 c - 2 potions of resistance {unknown}
 e - 2 potions of flight {unknown}
 g - a potion of berserk rage {unknown}
Comestibles
 d - 3 rations


   Skills:
 + Level 1.1 Fighting
 * Level 1.5 Short Blades
 * Level 1.4 Armour
 * Level 2.4 Dodging
 - Level 3.2 Stealth
 - Level 1.7 Spellcasting
 - Level 2.4 Hexes


You had 2 spell levels left.
You knew the following spells:

 Your Spells              Type           Power        Failure   Level  Hunger
a - Corona                Hex            #......      12%         1    ##.....
b - Ensorcelled Hibernat  Hex/Ice        #.....       30%         2    ###....

Your spell library contained the following spells:

 Spells                   Type           Power        Failure   Level  Hunger
 Confuse                  Hex            #.......     34%         3    ####...
 Tukima's Dance           Hex            #.......     34%         3    ####...
 Dazzling Spray           Conj/Hex       #.....       52%         3    ####...


Dungeon Overview and Level Annotations

Branches:
Dungeon (2/15)

Altars:
Nemelex Xobeh


Innate Abilities, Weirdness & Mutations

Your body is rotting away.
You thrive on raw meat.
You are immune to poison.
You have sharp fingernails.
You are carnivorous and can eat meat at any time.
Your flesh is cold resistant. (rC+)
You are immune to negative energy. (rN+++)
You do not regenerate when monsters are visible.
You are immune to unholy pain and torment.
You can survive without breathing.


Message History

The adder bites you.
* * * LOW HITPOINT WARNING * * *
Okay, then.
You hit the adder.
The adder is almost dead.
The adder barely misses you.
You closely miss the adder.
The adder is almost dead.
The adder closely misses you.
You closely miss the adder.
The adder is almost dead.
The adder barely misses you. The adder closely misses you.
You closely miss the adder.
The adder is almost dead.
The adder bites you.
* * * LOW HITPOINT WARNING * * *
You hit the adder.
The adder is almost dead.
The adder bites you.
You die...

##.......##.#
##..###.###.......#
....#......<.#####
####..#.....##......#
......#.....##......#
....................#
....................#
####........#.#.....#
......S@...##.#######
######.....##.#
###......##
###.#.#.########
#..###........
###.#.###.##.# ####
### ##.## . ..# ##.##
### ..###.#
#####.#.##


You could see an adder.

Vanquished Creatures
  6 dart slugs (D:1)
  A leopard gecko (D:1)
  A ball python (D:1)
  2 giant cockroaches (D:1)
  3 goblins (D:1)
  6 hobgoblins
  3 kobolds
  4 bats (D:1)
  5 rats (D:1)
31 creatures vanquished.

Notes
Turn   | Place    | Note
-------+----------+-------------------------------------------
     0 | D:1      | Borgoz the Ghoul Enchanter began the quest for the Orb.
     0 | D:1      | Reached XP level 1. HP: 14/14 MP: 2/2
    70 | D:1      | Reached skill level 1 in Short Blades
   266 | D:1      | Reached XP level 2. HP: 22/22 MP: 3/3
   654 | D:1      | Reached skill level 1 in Armour
   708 | D:1      | Reached XP level 3. HP: 8/27 MP: 4/4
  1009 | D:1      | Reached skill level 1 in Fighting
  1298 | D:2      | Found a sparkling altar of Nemelex Xobeh.
  1354 | D:1      | Learned a level 2 spell: Ensorcelled Hibernation
  1604 | D:2      | HP: 1/27 [adder (3)]
  1605 | D:2      | Slain by an adder

Skill      XL: |  1  2  3 |
---------------+----------+-----
Short Blades   | 1 |  1.5
Dodging        | 2 |  2.4
Armour         | 1 |  1.4
Fighting       | 1 |  1.1
Stealth        | |  3.2
Spellcasting   | |  1.7
Hexes          | |  2.4

Action                   || total
-------------------------++-------
Melee: Dagger            ||   144
 Stab: Sleeping          ||     4
  Eat: Chunk             ||    11
Armor: Robe              ||    25
Dodge: Dodged            ||    86
